 Dungeon Crawl Stone Soup version 0.22.0 (webtiles) character file.

29 Kirk the Magician (level 3, 10/24 HPs)
             Began as a Demonspawn Wizard on Aug 12, 2018.
             Quit the game on level 1 of the Dungeon.
             The game lasted 00:02:14 (907 turns).

Kirk the Magician (Demonspawn Wizard)                Turns: 907, Time: 00:02:15

Health: 10/24      AC:  2    Str:  7    XL:     3   Next: 1%
Magic:  1/8        EV: 12    Int: 20    God:
Gold:   54         SH:  0    Dex: 13    Spells: 8/9 levels left

rFire    . . .     SeeInvis .   h - +0 dagger
rCold    . . .     Gourm    .   (no shield)
rNeg     . . .     Faith    .   a - +0 robe
rPois    .         Spirit   .   b - +0 hat
rElec    .         Reflect  .   (no cloak)
rCorr    .         Harm     .   (no gloves)
MR       .....                  (no boots)
Stlth    ++........             (no amulet)
HPRegen  0.08/turn              (no ring)
MPRegen  0.11/turn              (no ring)

@: very slightly contaminated
A: talons 1, thin skeletal structure 1
a: no special abilities


You were on level 1 of the Dungeon.
You were not hungry.

You visited 1 branch of the dungeon, and saw 1 of its levels.

You collected 54 gold pieces.

Inventory:

Hand Weapons
 h - a +0 dagger (weapon)
Armour
 a - a +0 robe (worn)
 b - a +0 hat (worn)
Scrolls
 c - a scroll of magic mapping {unknown}
 f - 2 scrolls of identify {unknown}
 g - a scroll of fear {unknown}
Potions
 e - a potion of curing {unknown}
Comestibles
 d - 4 rations


   Skills:
 - Level 1.7 Dodging
 - Level 1.7 Stealth
 + Level 3.8 Spellcasting
 * Level 1.6 Conjurations
   Level 1.0 Summonings
   Level 0.8 Translocations


You had 8 spell levels left.
You knew the following spells:

 Your Spells              Type           Power        Failure   Level  Hunger
a - Magic Dart            Conj           ##..         7%          1    None

Your spell library contained the following spells:

 Spells                   Type           Power        Failure   Level  Hunger
 Conjure Flame            Conj/Fire      #.......     28%         3    ###....
 Slow                     Hex            #.......     21%         2    ##.....
 Mephitic Cloud           Conj/Pois/Air  #.......     30%         3    ###....
 Blink                    Tloc           N/A          14%         2    ##.....
 Call Imp                 Summ           #.......     13%         2    ##.....


Dungeon Overview and Level Annotations

Branches:
Dungeon (1/15)

Altars:


Innate Abilities, Weirdness & Mutations

You have sharp toenails.
You have a somewhat thin skeletal structure. (Dex +2, Stealth)


Message History

Unknown command.
Unknown command.
You barely miss the hobgoblin.
The hobgoblin is almost dead.
The hobgoblin misses you. The goblin hits you.
You hit the hobgoblin but do no damage. Your kick misses the hobgoblin.
The hobgoblin is almost dead.
The hobgoblin hits you. The goblin barely misses you.
You closely miss the hobgoblin.
The hobgoblin is almost dead.
The hobgoblin hits you. The goblin closely misses you. The hobgoblin hits you.
You hit the hobgoblin.
You kill the hobgoblin!
You have reached level 3!
Your experience leads to an increase in your attributes!
Increase (S)trength, (I)ntelligence, or (D)exterity?
You feel clever.
Your demonic ancestry asserts itself...
Your bones become slightly less dense.
Are you sure you want to abandon this character and quit the game? (Confirm with "yes".)

#.............##########.##
#.............# #.##
#.............# ##..#
###'########### #....
#########.######## #....
.....)....#......############....
.##########......+...............
.# #.......g....#########.. .#
#.###..@###..# ##. .# #.# #...#
#.## #. .# #.###...###.# #[ .#
#...........# ## .# #...........#
# .# #........÷..# # .#
#.###...###.# # .# #.# #...#
#.############
.#########.###...###...........†.


You could see a goblin.

Vanquished Creatures
  A giant cockroach (D:1)
  6 goblins (D:1)
  2 hobgoblins (D:1)
  3 jackals (D:1)
  4 kobolds (D:1)
  4 bats (D:1)
  A frilled lizard (D:1)
  6 rats (D:1)
27 creatures vanquished.

Notes
Turn   | Place    | Note
-------+----------+-------------------------------------------
     0 | D:1      | Kirk the Demonspawn Wizard began the quest for the Orb.
     0 | D:1      | Reached XP level 1. HP: 13/13 MP: 4/4
   373 | D:1      | Gained mutation: You have sharp toenails. [demonic ancestry]
   373 | D:1      | Reached XP level 2. HP: 19/19 MP: 0/6
   906 | D:1      | Gained mutation: You have a somewhat thin skeletal structure. (Dex +2, Stealth) [demonic ancestry]
   906 | D:1      | Reached XP level 3. HP: 10/24 MP: 1/8
   907 | D:1      | Quit the game

Action                   || total
-------------------------++-------
Melee: Unarmed           ||     3
       Dagger            ||    26
       Kick              ||     4
 Cast: Magic Dart        ||    56
Armor: Robe              ||    16
Dodge: Dodged            ||    27
